 Dungeon Crawl Stone Soup version 0.32-a0-630-g46d191b0ed (webtiles) character file.

Game seed: 3761072455877059093

937 Shayle the Apothecary (level 8, -1/52 HPs)
             Began as a Coglin Alchemist on Mar 6, 2024.
             Was an Initiate of Hepliaklqana.
             Slain by a centaur
             ... wielding a +0 mace
              (2 damage)
             ... on level 5 of the Dungeon.
             The game lasted 00:13:09 (4527 turns).

Shayle the Apothecary (Coglin Alchemist)            Turns: 4527, Time: 00:13:10

Health: -1/52      AC:  6    Str:  9    XL:     8   Next: 12%
Magic:  13/13      EV: 12    Int: 17    God:    Hepliaklqana [......]
Gold:   277        SH:  0    Dex: 14    Spells: 10/14 levels left

rFire   . . .        p - +1 short sword (speed) {Narong}
rCold   . . .        k - +0 war axe {Qiang}
rNeg    . . .        d - +0 leather armour
rPois   .            (no helmet)
rElec   .            (no cloak)
rCorr   .            i - +2 pair of gloves
SInv    .            (no boots)
Will    .....        (amulet unavailable)
Stlth   +            (ring unavailable)
HPRegen 0.28/turn    (ring unavailable)
MPRegen 0.13/turn    (no gizmo)

%: no passive effects
@: confused, ambrosia-drunk, revving
A: off-hand wielding, slow wielding, warmup strikes, no jewellery
a: Invent Gizmo, Renounce Religion


You were on level 5 of the Dungeon.
You worshipped Hepliaklqana.
Hepliaklqana was noncommittal.
You visited 2 branches of the dungeon, and saw 7 of its levels.

You collected 361 gold pieces.
You spent 84 gold pieces at shops.

Inventory:

Hand Weapons
 c - a +0 short sword {Ishleen}
 k - a +0 war axe (offhand) {Qiang}
 p - a +1 short sword of speed (weapon) {Narong}
 r - a +1 whip of venom
Armour
 a - a +0 robe
 d - a +0 leather armour (worn)
 i - a +2 pair of gloves (worn)
Talismans
 g - a granite talisman
Wands
 m - a wand of flame (11)
Scrolls
 e - a scroll of torment
 n - a scroll of teleportation
 s - a scroll of poison
Potions
 b - 3 potions of magic
 h - a potion of brilliance {unknown}
 j - a potion of attraction
 o - 3 potions of might
 q - a potion of lignification
 t - a potion of haste {unknown}
 u - a potion of berserk rage {unknown}


   Skills:
 + Level 3.9 Dodging
 - Level 1.5 Stealth
 + Level 3.6 Spellcasting
 + Level 3.5 Conjurations
 + Level 1.6 Air Magic
 + Level 5.4 Alchemy
 + Level 2.8 Shapeshifting


You had 10 spell levels left.
You knew the following spells:

 Your Spells              Type           Power      Damage    Failure   Level
a - Sting                 Conj/Alch      72%        1d7       3%          1
b - Mephitic Cloud        Conj/Alch/Air  15%        N/A       16%         3

Your spell library contained the following spells:

 Spells                   Type           Power      Damage    Failure   Level
 Mercury Vapours          Alch/Air       30%        N/A       9%          2
 Sandblast                Erth           6%         2d5       24%         1
 Slow                     Hex            12%        N/A       24%         1
 Summon Small Mammal      Summ           12%        N/A       24%         1
 Olgreb's Toxic Radiance  Alch           21%        N/A       24%         4
 Stone Arrow              Conj/Erth      18%        3d8       32%         3
 Scorch                   Fire           6%         2d5       34%         2
 Call Canine Familiar     Summ           3%         N/A       56%         3
 Confusing Touch          Hex            3%         N/A       56%         3
 Inner Flame              Hex/Fire       3%         N/A       56%         3
 Ozocubu's Armour         Ice            3%         N/A       56%         3
 Passwall                 Erth           3%         N/A       56%         3
 Sigil of Binding         Hex            3%         N/A       56%         3
 Vampiric Draining        Necr           3%         2d6       56%         3
 Sticky Flame             Fire/Alch      12%        2d5       58%         4
 Irradiate                Conj/Alch      9%         3d14      69%         5
 Brom's Barrelling Bould  Conj/Erth      9%         2d3       73%         4
 Flame Wave               Conj/Fire      9%         2d6       73%         4
 Summon Blazeheart Golem  Fire/Summ      3%         N/A       93%         4
 Metabolic Englaciation   Hex/Ice        1%         N/A       100%        5
 Sculpt Simulacrum        Ice/Alch       6%         N/A       100%        6
 Summon Cactus Giant      Summ           1%         N/A       100%        6
 Ignition                 Fire           1%         3d3       100%        8


Dungeon Overview and Level Annotations

Branches:
Dungeon (6/15)             Temple (1/1) D:4

Altars:
Ashenzari
Cheibriados
Dithmenos
Fedhas
Hepliaklqana
Kikubaaqudgha
Okawaru
Qazlal
Sif Muna
Uskayaw
Vehumet
Wu Jian
Yredelemnul
Zin
The Shining One

Shops:
D:2 !   D:3 :

Annotations:
D:5 Dowan
Temple 4 transporters


Innate Abilities, Weirdness & Mutations

You can wield a second weapon in your off-hand.
It takes a long time for you to wield or remove held weapons.
Your first few attacks do less damage.
You cannot equip rings or amulets.


Message History

Confirm with . or Enter, or press ? or * to list all spells.
Aiming: Mephitic Cloud (dangerous; 16% risk of failure)
Press: ? - help, Shift-Dir - straight line, f - Dowan, p - howler monkey
Aim: Dowan, wielding a +0 dagger and wearing a +0 robe (chance to affect: 86%)
The ball explodes into a vile cloud!
The stinking cloud engulfs Dowan.
Dowan seems to find hidden reserves of power!
You hear a shout!
You hear an angry hiss.
Dowan is engulfed in noxious fumes.
Dowan appears confused.
Dowan screams, "I'll kill you anyway!"
Dowan is engulfed in noxious fumes.
Dowan appears confused.
Dowan is engulfed in noxious fumes.
Dowan appears confused.
Things that are here:
a +0 short sword; a +0 leather armour; the elf corpse of Duvessa A centaur comes into view.
It is wielding a +0 mace.
Dowan is engulfed in noxious fumes.
Dowan appears confused.
The centaur unwields a +0 mace.
The centaur wields a +0 orcbow.
The centaur shoots an arrow.
The arrow hits you.
* * * LOW HITPOINT WARNING * * *
The centaur unwields a +0 orcbow.
The centaur wields a +0 mace.
The centaur barely misses you. The centaur kicks you.
* * * LOW HITPOINT WARNING * * *
The centaur hits you with a +0 mace.
* * * LOW HITPOINT WARNING * * *
The centaur kicks you but does no damage.
Unknown command.
You are confused.
You feel invigorated.
Dowan is engulfed in noxious fumes.
Dowan appears confused.
Dowan hits you with a +0 dagger.
* * * LOW HITPOINT WARNING * * *
The centaur hits you with a +0 mace.
* * * LOW HITPOINT WARNING * * *
The centaur closely misses you.
Dowan is engulfed in noxious fumes.
Dowan appears confused.
The centaur hits you with a +0 mace.
* * * LOW HITPOINT WARNING * * *
The centaur kicks you.
* * * LOW HITPOINT WARNING * * *
The centaur hits you with a +0 mace.
You die...
Hepliaklqana delivers you to your ancestors.

...$.... .......
# ..... #...
.... #... ..#
... #.# .#
#.####.#
...#....#)#
.........@#
#.[...e..c#.#..
##[...§°........
##...☼○......##
#........#....
#.............
#..#.......#..
+............#
+.....)....#.#


You could see Dowan (fast, confused) and a centaur.

Vanquished Creatures
  Menkaure (D:5)
  Duvessa (D:5)
  A centaur (D:6)
  2 phantoms
  2 scorpions
  3 hounds
  An orc priest (D:6)
  A gnoll bouda (D:4)
  An orc wizard (D:4)
  4 gnolls
  8 adders
  2 white imps
  3 dart slugs
  2 ribbon worms
  8 orcs
  6 bats
  3 endoplasms
  5 giant cockroaches
  8 goblins
  4 hobgoblins
  9 jackals
  4 quokkas
  7 ball pythons
  3 frilled lizards
  5 kobolds
  5 rats
99 creatures vanquished.

Notes
Turn   | Place    | Note
-------+----------+-------------------------------------------
     0 | D:1      | Shayle the Coglin Alchemist began the quest for the Orb.
     0 | D:1      | Reached XP level 1. HP: 13/13 MP: 3/3
    66 | D:1      | Reached skill level 1 in Conjurations
   166 | D:1      | Reached XP level 2. HP: 8/19 MP: 2/4
   434 | D:1      | Found a faded altar of an unknown god.
   787 | D:2      | Reached XP level 3. HP: 21/24 MP: 1/6
  1208 | D:2      | Found Qoymp's Distillery.
  1217 | D:2      | Bought a potion of curing for 36 gold pieces
  1217 | D:2      | Bought a potion of might for 48 gold pieces
  1551 | D:2      | Reached XP level 4. HP: 27/30 MP: 7/7
  1679 | D:3      | Noticed a scorpion
  1690 | D:3      | Killed a scorpion
  1691 | D:3      | Reached skill level 4 in Alchemy
  1691 | D:3      | Reached skill level 1 in Shapeshifting
  1691 | D:3      | Reached XP level 5. HP: 35/35 MP: 8/8
  1786 | D:3      | Found Etwejiwn's Book Emporium.
  1787 | D:3      | Noticed a phantom
  1806 | D:3      | Killed a phantom
  1939 | D:3      | Reached XP level 6. HP: 35/41 MP: 10/10
  2244 | D:3      | Identified the +0 robe "Benorod" {Str+5}
  2409 | D:3      | Found a blossoming altar of Fedhas.
  2759 | D:4      | Found a stormy altar of Qazlal.
  2886 | D:4      | Found a staircase to the Ecumenical Temple.
  2919 | D:4      | HP: 1/41 [something/puff of flame (11)]
  2924 | D:4      | HP: 2/41 [something (3)]
  2929 | Temple   | Found a transporter.
  2929 | Temple   | Found a transporter.
  2929 | Temple   | Found a transporter.
  2929 | Temple   | Found a transporter.
  2929 | Temple   | Entered the Ecumenical Temple
  3333 | D:4      | Reached XP level 7. HP: 25/46 MP: 11/11
  3468 | D:4      | Learned a level 3 spell: Mephitic Cloud
  3513 | D:4      | Found a glowing golden altar of the Shining One.
  3513 | D:4      | Found a shadowy altar of Dithmenos.
  3513 | D:4      | Found a basalt altar of Yredelemnul.
  3763 | D:4      | Found a shimmering blue altar of Sif Muna.
  3796 | D:5      | Entered Level 5 of the Dungeon
  3817 | D:4      | Reached skill level 5 in Alchemy
  3968 | D:5      | Noticed Menkaure
  3971 | D:5      | Killed Menkaure
  4124 | D:6      | Found a hazy altar of Hepliaklqana.
  4134 | D:6      | Reached skill level 1 in Air Magic
  4284 | D:6      | Became a worshipper of Hepliaklqana the Forgotten
  4316 | D:6      | Found a glowing silver altar of Zin.
  4408 | D:6      | Reached XP level 8. HP: 30/52 MP: 13/13
  4505 | D:5      | Noticed Duvessa
  4505 | D:5      | Noticed Dowan
  4520 | D:5      | Killed Duvessa
  4527 | D:5      | HP: 2/52 [centaur/+0 mace (6)]
  4527 | D:5      | Slain by a centaur

Illustrated notes

Levels and vault maps discovered:
D:1:      psy_arrival_conway, layout_rooms, chequers_ecumenical_altar_grove
D:2:      minmay_chambers_of_twos, layout_rooms, serial_shops,
          nicolae_shop_tiny_statue_garden
D:3:      layout_loops_ring, fedhas_altar_4, serial_shops,
          nicolae_shop_statue_plus, solitary_fountain,
          wander_ebering_terrifying_dragon_lair
D:4:      layout_cave_pools, nicolae_qazlal_scattered_showers,
          lemuel_blue_sif_altar, gammafunk_temple_overflow_forgotten,
          minmay_temple_entry_large_hall
D:5:      kennysheep_big_flooded_room, layout_rooms, uniq_duvessa, uniq_pikel,
          uniq_menkaure
D:6:      layout_cave_pools, mainiacjoe_overflow_tiny_flanked,
          nicolae_hepliaklqana_hazy_memory
Temple:   hellmonk_temple_divided_pantheon

Skill      XL: |  1  2  3  4  5  6  7 |
---------------+----------------------+-----
Conjurations   | 1 2 3 |  3.5
Dodging        | 2 3 |  3.9
Spellcasting   | 2 3 |  3.6
Alchemy        | 4 5 |  5.4
Shapeshifting  | 1 2 |  2.8
Air Magic      | 1 |  1.6
Stealth        | |  1.5

Action                     |  1- 3 |  4- 6 |  7- 9 || total
---------------------------+-------+-------+-------++-------
  Melee: Short sword       |    56 |   145 |    75 ||   276
         Unarmed           |     9 |       |       ||     9
         War axe           |    27 |   142 |    81 ||   250
   Cast: Sting             |    43 |       |       ||    43
         Mephitic Cloud    |       |       |     2 ||     2
  Evoke: Wand              |       |     3 |     3 ||     6
    Use: Potion            |     1 |     5 |     3 ||     9
         Scroll            |       |     4 |     5 ||     9
   Stab: Sleeping          |     2 |     3 |     1 ||     6
 Armour: Robe              |    24 |       |       ||    24
         Skin              |     3 |    16 |       ||    19
         Leather armour    |    29 |   127 |    94 ||   250
  Dodge: Dodged            |    32 |   106 |    75 ||   213

Table legend: (Time is in decaauts)
 A = Elapsed time spent in this place.
 B = Non-inter-level travel time spent in this place.
 C = Inter-level travel time spent in this place.
 D = Time resting spent in this place.
 E = Time spent auto-exploring this place.
 F = Levels seen in this place.
 G = Mean time per level.
                   A        B        C        D        E       F      G
               +--------+--------+--------+--------+--------+-----+--------+
         Total |   4562 |   4487 |     75 |    987 |   2271 |   7 |  651.7 |
       Dungeon |   4293 |   4218 |     75 |    742 |   2271 |   6 |  715.5 |
        Temple |    268 |    268 |      0 |    245 |      0 |   1 |  268.0 |
               +--------+--------+--------+--------+--------+-----+--------+

Top non-repeatable levels by time:
     D:3: 1154 daAuts
     D:4: 938 daAuts
     D:2: 935 daAuts
     D:1: 736 daAuts
     D:6: 382 daAuts
  Temple: 268 daAuts
     D:5: 146 daAuts
